 Dungeon Crawl Stone Soup version 0.22-a0-757-gdba82d8 (webtiles) character file.

1618 Amnesiac the Digger (level 8, -4/52 HPs)
             Began as a Demonspawn Earth Elementalist on July 16, 2018.
             Slain by a worker ant (7 damage)
             ... on level 5 of the Dungeon.
             The game lasted 00:14:37 (6031 turns).

Amnesiac the Digger (Demonspawn Earth Elementalist) Turns: 6031, Time: 00:14:37

Health: -4/52      AC:  6    Str: 12    XL:     8   Next: 64%
Magic:  2/16       EV: 13    Int: 19    God:
Gold:   226        SH:  0    Dex: 13    Spells: 2/17 levels left

rFire    . . .     SeeInvis +   a - +1 dagger (drain)
rCold    . . .     Gourm    .   (no shield)
rNeg     + . .     Faith    .   u - +2 robe
rPois    .         Spirit   .   (helmet unavailable)
rElec    .         Reflect  .   (no cloak)
rCorr    .         Harm     .   (no gloves)
MR       .....                  (no boots)
Stlth    ++........             r - amulet of rage
HPRegen  0.17/turn              i - ring of positive energy
MPRegen  0.15/turn              t - +3 ring of strength

@: no status effects
A: antennae 3, molten scales 1, rot immunity
a: Evoke Berserk Rage


You were on level 5 of the Dungeon.
You were hungry.

You visited 1 branch of the dungeon, and saw 7 of its levels.

You collected 226 gold pieces.

Inventory:

Hand Weapons
 a - a +1 dagger of draining (weapon)
 b - a +2 dagger of freezing
 h - a +0 hunting sling
 w - a +0 shortbow
Missiles
 f - 68 arrows
 l - 108 stones (quivered)
Armour
 u - a +2 robe (worn)
Jewellery
 i - a ring of positive energy (left hand)
 o - an uncursed amulet of guardian spirit
 r - an amulet of rage (around neck)
 t - a +3 ring of strength (right hand)
Scrolls
 c - a scroll of identify {!r}
 e - 3 scrolls of teleportation {!r}
 k - 4 scrolls of enchant armour {!r}
 p - a scroll of remove curse {!r}
 s - a scroll of immolation {!r, unknown}
 x - a scroll of noise {!r, unknown}
 y - a scroll of fear {!r}
Potions
 g - 5 potions of curing {!q, unknown}
 j - a potion of lignification {!q}
 m - a potion of degeneration {!q, unknown}
 n - a potion of cancellation {!q, unknown}
 q - a potion of invisibility {!q, unknown}
 v - a potion of resistance {!q, unknown}
 z - a potion of heal wounds {!q}
Comestibles
 d - 11 rations
 A - 3 chunks of flesh


   Skills:
 - Level 2.7 Dodging
 - Level 2.0 Stealth
 + Level 5.4 Spellcasting
 - Level 4.1 Transmutations
 * Level 7.8 Earth Magic


You had 2 spell levels left.
You knew the following spells:

 Your Spells              Type           Power        Failure   Level  Hunger
a - Stone Arrow           Conj/Erth      ###...       7%          3    ##.....
b - Passwall              Tmut/Erth      ####....     1%          2    None
c - Sandblast             Erth           ####..       1%          1    None
d - Lee's Rapid Deconstr  Erth           ####......   14%         5    #####..
e - Petrify               Tmut/Erth      ####....     11%         4    ####...

Your spell library contained the following spells:

 Spells                   Type           Power        Failure   Level  Hunger


Dungeon Overview and Level Annotations

Branches:
Dungeon (7/15)
 Temple: D:4-7

Altars:
Cheibriados
Fedhas
Nemelex Xobeh
Qazlal
Wu Jian
Xom


Innate Abilities, Weirdness & Mutations

You have a pair of large antennae on your head. (SInv)
You are partially covered in molten scales. (AC +2)
You are immune to rotting.


Message History

The orc hits you with a whip.
You begin to meditate on the wall.
You continue meditating on the rock.
The orc hits you but does no damage.
The orc wizard casts a spell.
The orc wizard blinks!
You continue meditating on the rock.
The orc hits you but does no damage.
You finish merging with the rock.
Casting: Passwall (safe; 1% risk of failure)
Confirm with . or Enter, or press ? or * to list all spells.
You don't have enough magic to cast that spell.
Unknown command.
You open the door.
There is an open door here.
There is a stone staircase leading up here.
You climb upwards.
There is a stone staircase leading down here.
The orc warrior hits you with a war axe!
* * * LOW HITPOINT WARNING * * *
The howler monkey howls!
You hear an angry hiss.
You are feeling hungry.
Casting: Passwall (safe; 1% risk of failure)
Confirm with . or Enter, or press ? or * to list all spells.
Aiming: Petrify (safe; 11% risk of failure)
Press: ? - help, Shift-Dir - straight line, f - orc warrior
Aim: an orc warrior, wielding a war axe and wearing a chain mail (chance to defeat MR: 56%)
The orc warrior resists with significant effort.
The orc warrior closely misses you.
Unknown command.
You hit the orc warrior but do no damage.
You drain the orc warrior!
The orc warrior is lightly wounded.
The orc warrior hits you with a war axe!
* * * LOW HITPOINT WARNING * * *
You hit the orc warrior.
The orc warrior is lightly wounded.
The orc warrior barely misses you.
The howler monkey hoots and howls with incredible vigour!
You hear a shout!
You hear a howl!
You hear a shout! x2
You barely miss the orc warrior.
The orc warrior is lightly wounded.
The orc warrior hits you with a war axe!
* * * LOW HITPOINT WARNING * * *
You see here a scale mail.
The howler monkey hoots and howls with incredible vigour!
You hear an angry hiss.
Some of the chunks of flesh in your inventory have rotted away.
The howler monkey hoots and howls with incredible vigour!
You hear an angry hiss.
Casting: Petrify (safe; 11% risk of failure)
Confirm with . or Enter, or press ? or * to list all spells.
Aiming: Petrify (safe; 11% risk of failure)
Press: ? - help, Shift-Dir - straight line, f/p - orc warrior
Aim: an orc warrior, wielding a war axe and wearing a chain mail (lightly wounded, chance to defeat MR: 56%)
The orc warrior resists with significant effort.
The worker ant bites you!
* * * LOW HITPOINT WARNING * * *
The leopard gecko hisses angrily.
The worker ant bites you.
* * * LOW HITPOINT WARNING * * *
The howler monkey hoots and howls with incredible vigour!
You hear a howl!
The worker ant bites you!
You die...

#.#.........#.####.#.....
#.###.#####.#.# #....###
#.....#####.#.# ####.# #
#####.......#.#######.###
#########l.>.........
#.................
#.######.#######..
#.#...............
#@#o..........##.#
#.al.h.........#.#
#................#
#..............###
#.#.............{[
#.############....
#.########...#....
#........l........
#..........#.##...


You could see a howler monkey, a worker ant and a leopard gecko.

Vanquished Creatures
  Grinder (D:4)
  Sigmund (D:4)
  An ice beast (D:5)
  2 ogres (D:6)
  3 centaurs
  A howler monkey (D:6)
  A centaur zombie (D:3)
  A jelly (D:5)
  3 orc priests
  A hound (D:4)
  8 orc wizards
  A centaur skeleton (D:4)
  2 iguanas
  A worker ant (D:5)
  5 adders
  4 gnolls (D:4)
  3 oozes
  2 adder zombies
  An adder skeleton (D:4)
  A dart slug (D:5)
  A leopard gecko (D:4)
  33 orcs
  6 giant cockroaches
  3 goblins
  3 hobgoblins
  4 jackals
  3 kobolds
  2 quokkas (D:2)
  6 bats
  3 frilled lizards
  A leopard gecko skeleton (D:6)
  A quokka skeleton (D:6)
  8 rats
117 creatures vanquished.

Notes
Turn   | Place    | Note
-------+----------+-------------------------------------------
     0 | D:1      | Amnesiac the Demonspawn Earth Elementalist began the quest for the Orb.
     0 | D:1      | Reached XP level 1. HP: 13/13 MP: 3/3
   305 | D:1      | Gained mutation: You have a pair of small antennae on your head. [demonic ancestry]
   305 | D:1      | Reached XP level 2. HP: 14/19 MP: 0/5
   394 | D:1      | Reached skill level 3 in Earth Magic
   430 | D:1      | Learned a level 2 spell: Passwall
   574 | D:2      | Reached skill level 1 in Transmutations
   631 | D:3      | Gained mutation: You have a pair of antennae on your head. [demonic ancestry]
   631 | D:3      | Reached XP level 3. HP: 24/24 MP: 0/6
   750 | D:3      | Learned a level 3 spell: Stone Arrow
   765 | D:3      | HP: 1/24 [orc wizard/puff of flame (11)]
  1219 | D:2      | Found a shattered altar of Ashenzari.
  1242 | D:2      | Found a glowing silver altar of Zin.
  1242 | D:2      | Found a snail-covered altar of Cheibriados.
  1247 | D:2      | Found a sacrificial altar of Ru.
  1247 | D:2      | Found a shimmering altar of Xom.
  1247 | D:2      | Found a snail-covered altar of Cheibriados.
  1341 | D:2      | You fall through a shaft!
  1341 | D:3      | Found a stormy altar of Qazlal.
  1354 | D:3      | Gained mutation: You have a pair of large antennae on your head. (SInv) [demonic ancestry]
  1354 | D:3      | Reached XP level 4. HP: 30/30 MP: 3/7
  1444 | D:4      | Noticed a centaur
  1459 | D:4      | Killed a centaur
  1459 | D:4      | Reached skill level 4 in Earth Magic
  1459 | D:4      | Gained mutation: You are partially covered in molten scales. (AC +2) [demonic ancestry]
  1459 | D:4      | Reached XP level 5. HP: 35/35 MP: 7/9
  1956 | D:4      | Learned a level 4 spell: Petrify
  2137 | D:4      | Learned a level 1 spell: Sandblast
  2329 | D:4      | Gained mutation: You are immune to rotting. [demonic ancestry]
  2329 | D:4      | Reached XP level 6. HP: 27/41 MP: 3/10
  3376 | D:3      | You fall through a shaft for 3 floors!
  3388 | D:6      | Found a snail-covered altar of Cheibriados.
  3401 | D:6      | Reached skill level 5 in Earth Magic
  3472 | D:5      | Entered Level 5 of the Dungeon
  3529 | D:5      | Found a sparkling altar of Nemelex Xobeh.
  3557 | D:5      | Reached XP level 7. HP: 44/46 MP: 12/12
  3919 | D:5      | Found an ornate altar of the Wu Jian Council.
  4124 | D:5      | Reached skill level 6 in Earth Magic
  4587 | D:4      | Noticed Sigmund
  4598 | D:4      | Killed Sigmund
  4598 | D:4      | Reached XP level 8. HP: 43/52 MP: 9/14
  4685 | D:4      | Found a blossoming altar of Fedhas.
  4742 | D:4      | Noticed Grinder
  4746 | D:4      | Paralysed by Grinder for 3 turns
  4760 | D:4      | Killed Grinder
  4760 | D:4      | Reached skill level 7 in Earth Magic
  4853 | D:4      | Reached skill level 5 in Spellcasting
  5315 | D:3      | Learned a level 5 spell: Lee's Rapid Deconstruction
  6025 | D:5      | HP: 2/52 [worker ant (4)]
  6031 | D:5      | Slain by a worker ant

Vault maps used:
D:1:      roderic_dead_forest, corexii_leaking_fountain
D:2:      doesnt_xom_only_xom
D:3:      nicolae_qazlal_general_emergency, serial_bayou, serial_bayou_pond_e,
          serial_bayou_pond_c, serial_bayou_pond_c, serial_bayou_pond_a
D:4:      fedhas_altar_2, uniq_sigmund, uniq_grinder
D:5:      kennysheep_mini_moat, portal_sewer_entry_e, first_ration,
          nemelex_xobeh_ov_fountains_minmay
D:6:      lemuel_doored_altar, grunt_temple_overflow_cloverleaf, serial_shops,
          shop_coins
D:7:      temple_doors_ab

Skill      XL: |  1  2  3  4  5  6  7  8 |
---------------+-------------------------+-----
Stealth        | 2 |  2.0
Dodging        | 2 |  2.7
Earth Magic    | 3 4 5 6 7 |  7.8
Transmutations | 1 2 3 4 |  4.1
Spellcasting   | 3 4 5 |  5.4

Action                   |  1- 3 |  4- 6 |  7- 9 || total
-------------------------+-------+-------+-------++-------
Melee: Unarmed           |    10 |       |       ||    10
       Dagger            |    29 |       |    64 ||    93
       Trident           |     7 |   134 |       ||   141
 Fire: Hunting sling     |    39 |       |       ||    39
       Shortbow          |       |    40 |    44 ||    84
 Cast: Sandblast         |    40 |    16 |    37 ||    93
       Passwall          |     3 |       |    11 ||    14
       Stone Arrow       |     3 |    12 |    33 ||    48
       Petrify           |       |     1 |     4 ||     5
  Use: Scroll            |     3 |     6 |       ||     9
       Potion            |     2 |     4 |       ||     6
 Stab: Sleeping          |     3 |       |       ||     3
       Petrified         |       |       |     5 ||     5
  Eat: Chunk             |     3 |     8 |    10 ||    21
Armor: Robe              |    46 |    35 |    47 ||   128
       Skin              |       |    37 |       ||    37
Dodge: Dodged            |   122 |   102 |   114 ||   338

Table legend:
 A = Spawn XP
 B = Non-spawn XP
 C = Spawn XP percentage of total XP
 D = Spawn monster count
 E = Non-spawn monster count
 F = Spawn count percentage of total count
 G = Total turns spent on level
                    A         B        C        D         E        F      G
               +---------+---------+-------+---------+---------+-------+---------
         Total |       0 |    2312 |   0.0 |       0 |     117 |   0.0 |  6031
               +---------+---------+-------+---------+---------+-------+---------
           D:1 |       0 |      18 |   0.0 |       0 |       8 |   0.0 |   483
           D:2 |       0 |      83 |   0.0 |       0 |      25 |   0.0 |   936
           D:3 |       0 |     173 |   0.0 |       0 |      20 |   0.0 |  1380
           D:4 |       0 |    1056 |   0.0 |       0 |      36 |   0.0 |  1888
           D:5 |       0 |     612 |   0.0 |       0 |      17 |   0.0 |  1080
           D:6 |       0 |     370 |   0.0 |       0 |      11 |   0.0 |   259
               +---------+---------+-------+---------+---------+-------+---------
